PL
ATHLETIC CLUB KC @ ATLANTA SMOKE
07/31/2024
 
TOP OF THE 1ST
Athletic Club KC batting - Pitching for Atlanta Smoke : RHP Enrique Cortéz
Pitching: RHP Enrique Cortéz
Batting: RHB Jorge Trevino 0-0: Ball
1-0: Ball
2-0: Foul Ball, location: 2F
2-1: Fly out, F9 (Flyball, 9S)
Batting: SHB David Henderson 0-0: Ground out 6-3 (Groundball, 6M)
Batting: RHB David Edwards 0-0: Called Strike
0-1: Foul Ball, location: 2F
0-2: Ball
1-2: Ball
2-2: Ball
3-2: Strikes out swinging
Top of the 1st over - 0 run(s), 0 hit(s), 0 error(s), 0 left on base; Athletic Club KC 0 - Atlanta 0
BOTTOM OF THE 1ST
Atlanta Smoke batting - Pitching for Athletic Club KC : RHP Juan Torres
Pitching: RHP Juan Torres
Batting: LHB Bernardo Elías 0-0: Ball
1-0: Called Strike
1-1: Ball
2-1: Fly out, F6 (Popup, 6D)
Batting: RHB Bartolo Morales 0-0: Ball
1-0: Ball
2-0: Called Strike
2-1: Ball
3-1: Base on Balls
Batting: LHB Albert Morán 0-0: Ball
1-0: SINGLE (Line Drive, 34D)
Bartolo Morales to second
Batting: LHB Carl Gore 0-0: Ball
1-0: Fly out, F8 (Flyball, 78XD)
Runner from 2nd tags up, SAFE at 3rd, no throw
Batting: RHB Jonathan Cook 0-0: Ball
1-0: Fielders Choice at 2nd, U6 (Groundball, 6M)
Bottom of the 1st over - 0 run(s), 1 hit(s), 0 error(s), 2 left on base; Athletic Club KC 0 - Atlanta 0
TOP OF THE 2ND
Athletic Club KC batting - Pitching for Atlanta Smoke : RHP Enrique Cortéz
Batting: RHB John Downing 0-0: Called Strike
0-1: Called Strike
0-2: Foul Ball, location: 2F
0-2: Ball
1-2: Strikes out swinging
Batting: RHB Ramón Souza 0-0: Ball
1-0: Ball
2-0: Called Strike
2-1: Ground out 6-3 (Groundball, 6M)
Batting: LHB Kelly Brown 0-0: Called Strike
0-1: SINGLE (Groundball, 4MD) (infield hit)
Batting: SHB Pedro Vázquez 0-0: Ball
1-0: Foul Ball, location: 2F
1-1: Fly out, F7 (Flyball, 78S)
Top of the 2nd over - 0 run(s), 1 hit(s), 0 error(s), 1 left on base; Athletic Club KC 0 - Atlanta 0
BOTTOM OF THE 2ND
Atlanta Smoke batting - Pitching for Athletic Club KC : RHP Juan Torres
Batting: LHB Armando Esparza 0-0: Fly out, F8 (Flyball, 8LM)
Batting: RHB Cale Sutton 0-0: Ball
1-0: SINGLE (Popup, 4MD)
Batting: RHB Jack Weber 0-0: Ball
1-0: Swinging Strike
1-1: Ball
2-1: Fly out, F7 (Flyball, 78M)
Batting: RHB Anthony Johnston 0-0: Ball
1-0: Ball
2-0: Ball
Cale Sutton is caught stealing 2nd base
Bottom of the 2nd over - 0 run(s), 1 hit(s), 0 error(s), 0 left on base; Athletic Club KC 0 - Atlanta 0
TOP OF THE 3RD
Athletic Club KC batting - Pitching for Atlanta Smoke : RHP Enrique Cortéz
Batting: RHB Rick Atkinson 0-0: Called Strike
0-1: Ground out 5-3 (Groundball, 5)
Batting: LHB Thatcher Douglas 0-0: Called Strike
0-1: Ball
1-1: Swinging Strike
1-2: Foul Ball, location: 2F
1-2: Strikes out swinging
Batting: RHB Jorge Trevino 0-0: SINGLE (Line Drive, 6MD)
Batting: SHB David Henderson 0-0: Called Strike
0-1: Called Strike
0-2: Fielders Choice at 2nd, U4 (Groundball, 4M)
Top of the 3rd over - 0 run(s), 1 hit(s), 0 error(s), 1 left on base; Athletic Club KC 0 - Atlanta 0
BOTTOM OF THE 3RD
Atlanta Smoke batting - Pitching for Athletic Club KC : RHP Juan Torres
Batting: RHB Anthony Johnston 0-0: Foul Ball, location: 2F
0-1: Called Strike
0-2: Ground out 4-3 (Groundball, 4)
Batting: LHB Bernardo Elías 0-0: Ground out 5-3 (Groundball, 5)
Batting: RHB Bartolo Morales 0-0: Ball
1-0: Fly out, F8 (Flyball, 8LS)
Bottom of the 3rd over - 0 run(s), 0 hit(s), 0 error(s), 0 left on base; Athletic Club KC 0 - Atlanta 0
TOP OF THE 4TH
Athletic Club KC batting - Pitching for Atlanta Smoke : RHP Enrique Cortéz
Batting: RHB David Edwards 0-0: Ball
1-0: Ball
2-0: Fly out, F4 (Popup, 89S)
Batting: RHB John Downing 0-0: Swinging Strike
0-1: Ball
1-1: Ground out 5-3 (Groundball, 5S)
Batting: RHB Ramón Souza 0-0: Ball
1-0: Ball
2-0: Ball
3-0: Called Strike
3-1: Reached on error, E1 (Groundball, 15)
Batting: LHB Kelly Brown 0-0: Ball
1-0: Ball
2-0: Fly out, F8 (Flyball, 8RM)
Top of the 4th over - 0 run(s), 0 hit(s), 1 error(s), 1 left on base; Athletic Club KC 0 - Atlanta 0
BOTTOM OF THE 4TH
Atlanta Smoke batting - Pitching for Athletic Club KC : RHP Juan Torres
Batting: LHB Albert Morán 0-0: Called Strike
0-1: Ball
1-1: Fly out, F7 (Flyball, 7M)
Batting: LHB Carl Gore 0-0: Ball
1-0: Ball
2-0: Foul Ball, location: 2F
2-1: Foul Ball, location: 2F
2-2: Ball
3-2: Base on Balls
Batting: RHB Jonathan Cook 0-0: Ball
Carl Gore steals 2nd base
1-0: Foul Ball, location: 2F
1-1: Swinging Strike
1-2: Ball
2-2: Ball
3-2: Foul Ball, location: 2F
3-2: Foul Ball, location: 2F
3-2: Strikes out swinging
Batting: LHB Armando Esparza 0-0: Called Strike
0-1: Ball
1-1: Ball
2-1: Foul Ball, location: 2F
2-2: Fly out, F8 (Flyball, 8RS)
Bottom of the 4th over - 0 run(s), 0 hit(s), 0 error(s), 1 left on base; Athletic Club KC 0 - Atlanta 0
TOP OF THE 5TH
Athletic Club KC batting - Pitching for Atlanta Smoke : RHP Enrique Cortéz
Batting: SHB Pedro Vázquez 0-0: Ball
1-0: Ball
2-0: Ball
3-0: Called Strike
3-1: Called Strike
3-2: Strikes out looking
Batting: RHB Rick Atkinson 0-0: Foul Ball, location: 2F
0-1: Fly out, F8 (Flyball, 8RS)
Batting: LHB Thatcher Douglas 0-0: Called Strike
0-1: Foul Ball, location: 2F
0-2: Ball
1-2: Foul Ball, location: 2F
1-2: Foul Ball, location: 2F
1-2: Fly out, F3 (Line Drive, 3S)
Top of the 5th over - 0 run(s), 0 hit(s), 0 error(s), 0 left on base; Athletic Club KC 0 - Atlanta 0
BOTTOM OF THE 5TH
Atlanta Smoke batting - Pitching for Athletic Club KC : RHP Juan Torres
Batting: RHB Cale Sutton 0-0: Ball
1-0: Called Strike
1-1: Called Strike
1-2: Ground out 4-3 (Groundball, 4)
Batting: RHB Jack Weber 0-0: Foul Ball, location: 2F
0-1: Fly out, F8 (Line Drive, 8LS)
Batting: RHB Anthony Johnston 0-0: Ball
1-0: Fly out, F7 (Flyball, 78M)
Bottom of the 5th over - 0 run(s), 0 hit(s), 0 error(s), 0 left on base; Athletic Club KC 0 - Atlanta 0
TOP OF THE 6TH
Athletic Club KC batting - Pitching for Atlanta Smoke : RHP Enrique Cortéz
Batting: RHB Jorge Trevino 0-0: Swinging Strike
0-1: Swinging Strike
0-2: Ball
1-2: Foul Ball, location: 2F
1-2: Foul Ball, location: 2F
1-2: Strikes out swinging
Batting: SHB David Henderson 0-0: Called Strike
0-1: SINGLE (Groundball, 34D)
Batting: RHB David Edwards 0-0: Called Strike
0-1: Ball
1-1: Called Strike
1-2: SINGLE (Line Drive, 4D)
David Henderson to second
Batting: RHB John Downing 0-0: Ball
David Henderson steals 3rd base
David Edwards to second
1-0: Swinging Strike
1-1: Foul Ball, location: 2F
1-2: Ball
2-2: Strikes out swinging
Batting: RHB Ramón Souza 0-0: Foul Ball, location: 2F
0-1: Foul Ball, location: 2F
0-2: Strikes out looking
Top of the 6th over - 0 run(s), 2 hit(s), 0 error(s), 2 left on base; Athletic Club KC 0 - Atlanta 0
BOTTOM OF THE 6TH
Atlanta Smoke batting - Pitching for Athletic Club KC : RHP Juan Torres
Batting: LHB Bernardo Elías 0-0: Fly out, F7 (Flyball, 78D)
Batting: RHB Bartolo Morales 0-0: Called Strike
0-1: Ball
1-1: Ball
2-1: Foul Ball, location: 2F
2-2: Ball
3-2: Strikes out swinging
Batting: LHB Albert Morán 0-0: Called Strike
0-1: Ball
1-1: Swinging Strike
1-2: SOLO HOME RUN (Flyball, 9D), Distance : 380 ft
Batting: LHB Carl Gore 0-0: Ball
1-0: Ball
2-0: Ball
3-0: Foul Ball, location: 2F
3-1: Foul Ball, location: 2F
3-2: Base on Balls
Batting: RHB Jonathan Cook Reached via error on a dropped throw, E3
Carl Gore to second
Batting: LHB Armando Esparza 0-0: Ball
1-0: Called Strike
1-1: Called Strike
1-2: Ball
2-2: SINGLE (Flyball, 7S)
Carl Gore to third
Jonathan Cook to second
Runner from 3rd tries for Home, SAFE, throw made home
Jonathan Cook to third
Armando Esparza to second
Batting: RHB Cale Sutton 0-0: Swinging Strike
0-1: Called Strike
0-2: Strikes out looking
Bottom of the 6th over - 2 run(s), 2 hit(s), 1 error(s), 2 left on base; Athletic Club KC 0 - Atlanta 2
TOP OF THE 7TH
Athletic Club KC batting - Pitching for Atlanta Smoke : RHP Enrique Cortéz
Batting: LHB Kelly Brown 0-0: Ball
1-0: Foul Ball, location: 2F
1-1: Foul Ball, location: 2F
1-2: Ball
2-2: Fly out, F6 (Popup, 6MD)
Batting: SHB Pedro Vázquez 0-0: Ball
1-0: Called Strike
1-1: SOLO HOME RUN (Flyball, 89XD), Distance : 428 ft
Batting: RHB Rick Atkinson 0-0: Called Strike
0-1: Swinging Strike
0-2: Ground out 5-3 (Groundball, 56S)
Batting: LHB Thatcher Douglas 0-0: Called Strike
0-1: Called Strike
0-2: Ball
1-2: Foul Ball, location: 2F
1-2: Ball
2-2: Strikes out swinging
Top of the 7th over - 1 run(s), 1 hit(s), 0 error(s), 0 left on base; Athletic Club KC 1 - Atlanta 2
BOTTOM OF THE 7TH
Atlanta Smoke batting - Pitching for Athletic Club KC : RHP Juan Torres
Batting: RHB Jack Weber 0-0: Foul Ball, location: 2F
0-1: Ball
1-1: Foul Ball, location: 2F
1-2: Foul Ball, location: 2F
1-2: Fly out, F9 (Flyball, 89D)
Batting: RHB Anthony Johnston 0-0: Ball
1-0: Ground out 5-3 (Groundball, 56)
Batting: LHB Bernardo Elías 0-0: Ball
1-0: Called Strike
1-1: Ball
2-1: SINGLE (Line Drive, 7LS)
Pitching: LHP Arnaldo Bodabalho
Batting: RHB Bartolo Morales 0-0: Ball
1-0: Foul Ball, location: 2F
1-1: Foul Ball, location: 2F
1-2: Ball
Wild Pitch!
Bernardo Elías to second
2-2: Ball
3-2: Foul Ball, location: 2F
3-2: Foul Ball, location: 2F
3-2: Fly out, F7 (Flyball, 7M)
Bottom of the 7th over - 0 run(s), 1 hit(s), 0 error(s), 1 left on base; Athletic Club KC 1 - Atlanta 2
TOP OF THE 8TH
Athletic Club KC batting - Pitching for Atlanta Smoke : RHP Enrique Cortéz
Batting: RHB Jorge Trevino 0-0: Ball
1-0: Ball
2-0: Ball
3-0: Base on Balls
Pitching: RHP Pablo De La Torre
Batting: SHB David Henderson 0-0: Bunt missed!
0-1: Ball
1-1: Bunt missed!
1-2: Ball
2-2: Ball
3-2: Fly out, F9 (Line Drive, 89D)
Batting: RHB David Edwards 0-0: Ball
1-0: Foul Ball, location: 2F
1-1: Ball
2-1: Ball
3-1: SINGLE (Groundball, 56D)
Jorge Trevino to second
Batting: RHB John Downing 0-0: Foul Ball, location: 2F
0-1: Ball
1-1: Swinging Strike
1-2: Strikes out swinging
Batting: RHB Ramón Souza 0-0: Ball
1-0: Foul Ball, location: 2F
1-1: Called Strike
1-2: Ball
2-2: Strikes out swinging
Top of the 8th over - 0 run(s), 1 hit(s), 0 error(s), 2 left on base; Athletic Club KC 1 - Atlanta 2
BOTTOM OF THE 8TH
Atlanta Smoke batting - Pitching for Athletic Club KC : LHP Arnaldo Bodabalho
Batting: LHB Albert Morán 0-0: Swinging Strike
0-1: Ball
1-1: Ball
2-1: Foul Ball, location: 2F
2-2: Foul Ball, location: 2F
2-2: Ball
3-2: Foul Ball, location: 2F
3-2: Foul Ball, location: 2F
3-2: Ground out 4-3 (Groundball, 4)
Batting: LHB Carl Gore 0-0: Ball
1-0: Ground out 5-3 (Groundball, 56S)
Batting: RHB Jonathan Cook 0-0: Called Strike
0-1: Foul Ball, location: 2F
0-2: Ground out 6-3 (Groundball, 6)
Bottom of the 8th over - 0 run(s), 0 hit(s), 0 error(s), 0 left on base; Athletic Club KC 1 - Atlanta 2
TOP OF THE 9TH
Athletic Club KC batting - Pitching for Atlanta Smoke : RHP Pablo De La Torre
Pitching: RHP Iván García
Batting: LHB Kelly Brown 0-0: Ball
1-0: Ground out 1-3 (Groundball, 15)
Batting: SHB Pedro Vázquez 0-0: SINGLE (Line Drive, 4M)
Batting: RHB Rick Atkinson 0-0: Ball
Pickoff Throw to First - Error! E1
Pedro Vázquez to second
1-0: Foul Ball, location: 2F
1-1: Ground out 6-3 (Groundball, 6M)
Pedro Vázquez to third
Batting: LHB Thatcher Douglas 0-0: Foul Ball, location: 2F
0-1: Swinging Strike
0-2: Strikes out swinging
Top of the 9th over - 0 run(s), 1 hit(s), 1 error(s), 1 left on base; Athletic Club KC 1 - Atlanta 2
This league is powered by Out of the Park Baseball, the baseball management simulation game for PC, Mac and Linux
Monday, October 3rd, 2016 - OOTP Baseball 16.9 Build 39